AoeStats
← Odin

Arabia

507205227Analyzed
2v2 RM · 15d ago on Sep 17, 2026· 52m 39s· 4 players
Game mode
Random Map
Map size
Medium (4 player)
Population
200
Speed
Normal
Resources
Standard
Victory
Conquest
Starting age
Dark Age
Ending age
Imperial Age
RankedLock teamsTeams togetherTeam positionsShared explorationLock speedFull tech treeHidden civsTurbo modeCheats
Victory
Defeat
🇨🇴 Lithuanians · Colombia
808
+14
🇵🇪 Mongols · Peru
787
+15
🇲🇽 Bohemians · Mexico
768
-14
🇨🇴 Persians · Colombia
768
-15
Odin
10:28 Feudal Age
17:17 Double-Bit Axe
17:55 Loom
20:33 Castle Age
21:37 Bow Saw
25:39 Husbandry
27:37 Wheelbarrow
29:07 Bloodlines
29:05 Scale Barding Armor
32:58 Imperial Age
37:25 Elite Skirmisher
38:58 Fletching
40:12 Bodkin Arrow
41:29 Thumb Ring
42:35 Ballistics
43:19 Chemistry
43:36 Padded Archer Armor
48:32 Conscription
AITURBEM17
10:50 Feudal Age
11:35 Double-Bit Axe
12:37 Horse Collar
13:39 Wheelbarrow
27:25 Castle Age
33:59 Heavy Plow
34:12 Bow Saw
34:42 Hand Cart
38:56 Elite Skirmisher
44:39 Chemistry
44:01 Ballistics
45:40 Town Watch
50:14 Imperial Age
47:50 Town Patrol
47:20 Light Cavalry
GjulianP
0:35 Loom
6:59 Loom
10:53 Feudal Age
11:34 Man-at-Arms
14:18 Gold Mining
22:15 Castle Age
21:39 Wheelbarrow
20:52 Horse Collar
23:47 Double-Bit Axe
33:35 Pikeman
34:16 Squires
44:04 Imperial Age
41:54 Hand Cart
41:27 Town Watch
41:48 Heavy Plow
42:01 Bow Saw
43:20 Scale Mail Armor
44:02 Forging
43:55 Padded Archer Armor
43:46 Fletching
43:19 Elite Skirmisher
45:01 Caravan
45:30 Conscription
46:42 Thumb Ring
47:28 Chain Mail Armor
47:49 Iron Casting
48:13 Halberdier
51:31 Elite Leitis
jhadir
11:33 Feudal Age
20:52 Castle Age
19:15 Double-Bit Axe
19:14 Horse Collar
25:19 Bow Saw
26:08 Gold Mining
26:10 Stone Mining
32:15 Imperial Age
31:24 Gold Shaft Mining
31:25 Stone Shaft Mining
30:54 Heavy Plow
32:26 Wheelbarrow
32:00 Fletching
32:11 Padded Archer Armor
32:17 Scale Barding Armor
32:36 Ballistics
33:25 Hand Cart
33:18 Bodkin Arrow
34:19 Parthian Tactics
34:02 Thumb Ring
35:22 Leather Archer Armor
36:50 Chemistry
37:16 Conscription
37:23 Elite Mangudai
39:25 Drill
38:28 Capped Ram
39:31 Caravan
40:53 Siege Ram
42:00 Fortified Wall
42:00 Husbandry
42:11 Bloodlines
44:38 Chain Barding Armor
44:19 Bracer
Connection lost

Rejoining the realm…

Still unreachable

The connection could not be restored.

Session expired

The server has moved on; the page needs a fresh start.